 Dungeon Crawl Stone Soup version 0.31-a0-152-g6aa68a64a1 (webtiles) character file.

Game seed: 13488829974537923698

654 ryw the Trooper (level 7, -6/57 HPs)
             Began as a Demonspawn Monk on June 11, 2023.
             Was a Priest of Okawaru.
             Killed from afar by Maggie (15 damage)
             ... with a bolt of fire
             ... on level 7 of the Dungeon.
             The game lasted 00:09:26 (5018 turns).

ryw the Trooper (Demonspawn Monk)                   Turns: 5018, Time: 00:09:27

Health: -6/57      AC:  9    Str: 13    XL:     7   Next: 29%
Magic:  8/10       EV: 15    Int: 11    God:    Okawaru [***...]
Gold:   237        SH:  6    Dex: 16    Spells: 6/6 levels left

rFire   . . .        a - +3 dagger (venom)
rCold   . . .        c - orb {light}
rNeg    . . .        s - +0 ring mail
rPois   +            (helmet restricted)
rElec   .            (no cloak)
rCorr   +            k - +1 pair of gloves
SInv    .            (no boots)
Will    .....        (no amulet)
Stlth   +            i - ring of poison resistance
HPRegen 0.29/turn    g - ring of resist corrosion
MPRegen 0.12/turn

%: no passive effects
@: heroic, glowing, invisible (but backlit and visible)
A: antennae 2, large bone plates 2, foul stench 2
a: Renounce Religion, Heroism


You were on level 7 of the Dungeon.
You worshipped Okawaru.
Okawaru was most pleased with you.
You visited 2 branches of the dungeon, and saw 7 of its levels.

You collected 237 gold pieces.

Inventory:

Hand Weapons
 a - a +3 dagger of venom (weapon)
 A - a +4 whip
Missiles
 n - 5 datura-tipped darts
 y - 4 poisoned darts
 B - 2 throwing nets
Armour
 c - an orb of light (worn)
 f - a +0 plate armour
 k - a +1 pair of gloves (worn)
 s - a +0 ring mail (worn)
Jewellery
 g - a ring of resist corrosion (right hand)
 i - a ring of poison resistance (left hand)
 p - a ring of magical power
 v - a +4 ring of protection
Scrolls
 d - a scroll of silence
 e - a scroll of teleportation
 j - a scroll of vulnerability
 o - a scroll of enchant weapon
 r - a scroll of enchant armour
 t - a scroll of fog {unknown}
 u - a scroll of blinking {unknown}
 w - a scroll of poison {unknown}
Potions
 b - a potion of heal wounds {unknown}
 h - 2 potions of degeneration
 x - a potion of might


   Skills:
 + Level 5.8(10.8) Fighting
 + Level 0.0(5.0) Short Blades
 + Level 3.3(8.3) Armour
 - Level 4.0(9.0) Dodging
 - Level 3.0(8.0) Unarmed Combat
 - Level 4.0 Invocations


You had 6 spell levels left.
You didn't know any spells.
Your spell library contained the following spells:

 Spells                   Type           Power      Damage    Failure   Level
 Necrotise                Necr           0%         1d4       54%         1
 Shock                    Conj/Air       0%         1d3       54%         1
 Ozocubu's Armour         Ice            0%         N/A       89%         3
 Swiftness                Air            0%         N/A       89%         3
 Vampiric Draining        Necr           0%         2d6       89%         3
 Airstrike                Air            0%         2d(0-16)  100%        4
 Agony                    Necr           0%         N/A       100%        5
 Metabolic Englaciation   Hex/Ice        0%         N/A       100%        5
 Simulacrum               Ice/Necr       Unusable   N/A       N/A         6

Dungeon Overview and Level Annotations

Branches:
Dungeon (5/15)             Temple (1/1) D:4

Altars:
Ashenzari
Cheibriados
Dithmenos
Gozag
Kikubaaqudgha
Makhleb
Nemelex Xobeh
Okawaru
Qazlal
Ru
Sif Muna
Vehumet
Wu Jian
Yredelemnul

Annotations:
D:7 Maggie


Innate Abilities, Weirdness & Mutations

You have a pair of antennae on your head.
You are mostly covered in large bone plates. (SH +6)
You sometimes emit foul miasma when damaged in melee.


Message History

You assume a fearsome visage.
Nothing appears to happen.
It was a scroll of fear.
As you read the scroll labelled SAABRO VITZE, it crumbles to dust.
It is a scroll of enchant weapon.
Your +2 dagger of venom glows red for a moment.
Unknown command.
As you read the scroll labelled YDUHOWISHU, it crumbles to dust.
You feel aware of your surroundings.
It was a scroll of magic mapping.
As you read the scroll labelled IMEAXA PEMN, it crumbles to dust.
It is a scroll of enchant armour.
Your +0 pair of gloves glows green for a moment.
Unknown command.
Unknown command.
There is an open door, spattered with blood here.
There is an open door here.
b - a glowing black potion You see here a +0 short sword.
A sourceless malevolence fills the Dungeon...
You fall into a shaft and drop 2 floors!
The shaft crumbles and collapses.
You now have 237 gold pieces (gained 8).
As you open the door, it creaks loudly!
Maggie the Vainglorious comes into view.
She is wielding the +9 lance "Wyrmbane" {slay drac, rPois rF+ rC+ AC+3} and carrying a wand of iceblast (7).
Maggie shouts!
Okay, then.
Okay, then.
You gain the combat prowess of a mighty hero.
Maggie hits you with the +9 lance "Wyrmbane" {slay drac, rPois rF+ rC+ AC+3}!!
You barely miss Maggie. You hit Maggie but do no damage.
Maggie is poisoned.
Maggie hits you with the +9 lance "Wyrmbane" {slay drac, rPois rF+ rC+ AC+3}.
You hit Maggie but do no damage.
Maggie points at you and mumbles some strange words.
The bolt of fire hits you!!
* * * LOW HITPOINT WARNING * * *
It was a potion of invisibility.
You become transparent, but the glow from your halo prevents you from becoming completely invisible.
Maggie gestures at you while chanting. The bolt of fire hits you!
You die...

.. ##.######
.@..{...# #.# #.# .
#.# #.# .. #.# #.#
... ##.####@# ....
+.....@.#
.....##.#######
...............
#####.#.############
#.#.# #.......#####
# #.# #.#####.....#
#.# #.........#.# ##
#.############.#.#
#.. #......# #.#.#


You could see Maggie (very poisoned).

Vanquished Creatures
  A water moccasin (D:5)
  A phantom (D:4)
  A scorpion (D:5)
  A gnoll bouda (D:5)
  A hound (D:4)
  A jelly (D:5)
  4 iguanas (D:5)
  An orc wizard (D:5)
  4 gnolls
  5 adders
  A shadow imp (D:5)
  5 worms
  2 dart slugs
  6 orcs
  13 ball pythons
  5 bats
  4 endoplasms
  6 giant cockroaches
  9 goblins
  4 hobgoblins
  5 kobolds
  5 quokkas
  3 frilled lizards
  3 rats
91 creatures vanquished.

Notes
Turn   | Place    | Note
-------+----------+-------------------------------------------
     0 | D:1      | ryw the Demonspawn Monk began the quest for the Orb.
     0 | D:1      | Reached XP level 1. HP: 18/18 MP: 1/1
   220 | D:1      | Gained mutation: You may rarely emit foul miasma when
                  | damaged in melee. [demonic ancestry]
   220 | D:1      | Reached XP level 2. HP: 12/24 MP: 2/2
   720 | D:2      | Gained mutation: You are partially covered in large bone
                  | plates. (SH +4) [demonic ancestry]
   720 | D:2      | Reached XP level 3. HP: 29/29 MP: 3/3
  1133 | D:2      | Found a faded altar of an unknown god.
  1602 | D:3      | Gained mutation: You sometimes emit foul miasma when
                  | damaged in melee. [demonic ancestry]
  1602 | D:3      | Reached XP level 4. HP: 37/37 MP: 4/4
  1801 | D:3      | Reached skill level 4 in Fighting
  1932 | D:3      | Found an ornate altar of the Wu Jian Council.
  1932 | D:3      | Found an opulent altar of Gozag.
  1933 | D:3      | Found a burning altar of Makhleb.
  1946 | D:3      | Found a sacrificial altar of Ru.
  2992 | D:4      | Found a staircase to the Ecumenical Temple.
  3001 | D:4      | Reached skill level 1 in Armour
  3001 | D:4      | Gained mutation: You have a pair of small antennae on your
                  | head. [demonic ancestry]
  3001 | D:4      | Reached XP level 5. HP: 35/43 MP: 5/5
  3006 | Temple   | Entered the Ecumenical Temple
  3300 | Temple   | Became a worshipper of Warmaster Okawaru
  3300 | Temple   | Reached * piety under Okawaru
  3300 | Temple   | Reached ** piety under Okawaru
  3418 | D:4      | Noticed a phantom
  3437 | D:4      | Killed a phantom
  3438 | D:4      | Reached skill level 1 in Invocations
  3689 | D:5      | Entered Level 5 of the Dungeon
  3932 | D:5      | Gained mutation: You are mostly covered in large bone
                  | plates. (SH +6) [demonic ancestry]
  3932 | D:5      | Reached XP level 6. HP: 44/50 MP: 7/7
  4243 | D:5      | Reached skill level 5 in Fighting
  4620 | D:5      | Noticed a water moccasin
  4634 | D:5      | Killed a water moccasin
  4634 | D:5      | Reached *** piety under Okawaru
  4635 | D:5      | Gained mutation: You have a pair of antennae on your head.
                  | [demonic ancestry]
  4635 | D:5      | Reached XP level 7. HP: 51/56 MP: 9/9
  4901 | D:5      | You fall into a shaft and drop 2 floors!
  5004 | D:7      | Noticed Maggie
  5018 | D:7      | Killed from afar by Maggie

Illustrated notes

Levels and vault maps discovered:
D:1:      minmay_arrival_four_houses, layout_rooms
D:2:      layout_basic, hellmonk_ecumenical_altar_heavens_door
D:3:      layout_loops_ring, nicolae_overflow_quartered_altars, minmay_puff
D:4:      layout_loops_ring, temple_green
D:5:      lemuel_ice_spiral_2, layout_basic
D:7:      layout_basic, nicolae_overflow_hidden_temple,
          nicolae_overflow_crystal_walls, nicolae_uskayaw_en_pointe,
          uniq_menkaure, uniq_maggie, uniq_prince_ribbit1
Temple:   oiseaux_autumnal_temple

Skill      XL: |  1  2  3  4  5  6  7 |
---------------+----------------------+-----
Dodging        | 3 4 |  4.0
Unarmed Combat | 3 |  3.0
Fighting       | 4 5 |  5.8
Armour         | 1 3 |  3.3
Invocations    | 2 3 4 |  4.0

Action                     |  1- 3 |  4- 6 |  7- 9 || total
---------------------------+-------+-------+-------++-------
  Melee: Unarmed           |   196 |   133 |       ||   329
         Dagger            |       |    68 |    22 ||    90
 Invoke: Heroism           |       |       |     1 ||     1
    Use: Scroll            |       |     6 |     5 ||    11
         Potion            |       |       |     2 ||     2
 Armour: Robe              |    29 |       |       ||    29
         Ring mail         |     6 |    50 |       ||    56
  Dodge: Dodged            |   116 |    84 |    10 ||   210
  Block: Orb               |    12 |    40 |     1 ||    53

Table legend: (Time is in decaauts)
 A = Elapsed time spent in this place.
 B = Non-inter-level travel time spent in this place.
 C = Inter-level travel time spent in this place.
 D = Time resting spent in this place.
 E = Time spent auto-exploring this place.
 F = Levels seen in this place.
 G = Mean time per level.
                   A        B        C        D        E       F      G
               +--------+--------+--------+--------+--------+-----+--------+
         Total |   5006 |   4818 |    188 |    796 |   2950 |   7 |  715.1 |
       Dungeon |   4673 |   4536 |    137 |    796 |   2698 |   6 |  778.8 |
        Temple |    332 |    281 |     51 |      0 |    252 |   1 |  332.0 |
               +--------+--------+--------+--------+--------+-----+--------+

Top non-repeatable levels by time:
     D:4: 1216 daAuts
     D:3: 1030 daAuts
     D:5: 819 daAuts
     D:1: 758 daAuts
     D:2: 732 daAuts
  Temple: 332 daAuts
     D:7: 116 daAuts
